Cogmind - Beta 16 @@@ ROGUE MODE // 2025.11.15 @ 05:04:56 Player: shapeshifter Result: Destroyed by Y-45 Defender with Beam Rifle Performance ------------- Evolutions (1) 500 Regions Visited (3) 600 Robots Destroyed (73) 365 Value Destroyed (1751) 1751 Prototype IDs (1) 20 Alien Tech Used (0) 0 Bonus (8) 8 TOTAL SCORE: 3244 Bonus ------- High Alert Combat Kills 8 Cogmind --------- Core Integrity 0/400 Matter 224/300 Energy 117/265 System Corruption 0% Temperature Cool (9) Movement Treading (160) Location -9/Storage Parts ------- > --- POWER (1) -------- Improved Ion Engine > --- PROPULSION (2) --- Light Treads Light Treads > --- UTILITY (4) ------ Heat Sink Medium Storage Unit Light Armor Plating Hacking Suite > --- WEAPON (2) ------- Beam Rifle EMP Blaster > --- INVENTORY (10) --- Light Treads Small Storage Unit Improved Terrain Scanner ECM Suite Light Armor Plating Advanced Beam Cannon Advanced Beam Cannon Heavy Assault Rifle Grenade Launcher Peak State ------------ > --- POWER ------------ Ion Engine > --- PROPULSION ------- Improved Treads Improved Treads > --- UTILITY ---------- Heat Sink Medium Storage Unit Light Armor Plating Hardened Light Armor Plating > --- WEAPON ----------- Advanced Beam Cannon Advanced Beam Cannon > --- INVENTORY -------- Light Treads Small Storage Unit Improved Terrain Scanner ECM Suite Spread Laser Advanced Beam Cannon Advanced Beam Cannon Grenade Launcher [Rating: 17] Favorites ----------- Power Ion Engine Engine Ion Engine Propulsion Light Treads Treads Light Treads Wheel Wheel Utility Medium Storage Unit Device Seismic Detector Storage Medium Storage Unit Hackware Hacking Suite Protection Light Armor Plating Weapon Light Assault Rifle Energy Gun Medium Laser Energy Cannon Advanced Beam Cannon Ballistic Gun Light Assault Rifle Launcher Grenade Launcher Build | -11 -10 -9 -9 ------- Run | Yrd Mat Mat Sto Slots Evolved 2 | . . 2 . Power . | . . . . Propulsion . | . . . . Utility 2 | . . 2 . Weapon . | . . . . Parts Attached 46 | 7 8 19 12 Power 6 | 1 1 3 1 Engine 6 | 1 1 3 1 Core . | . . . . Reactor . | . . . . Propulsion 14 | 2 4 4 4 Treads 12 | 2 2 4 4 Leg . | . . . . Wheel 2 | . 2 . . Hover . | . . . . Flight . | . . . . Utility 12 | 1 2 5 4 Device 3 | . 1 2 . Storage 2 | 1 1 . . Processor . | . . . . Hackware 1 | . . . 1 Protection 6 | . . 3 3 Artifact . | . . . . Weapon 14 | 3 1 7 3 Energy Gun 3 | 1 . 1 1 Energy Cannon 3 | . . 3 . Ballistic Gun 6 | 2 1 2 1 Ballistic Cannon . | . . . . Launcher 2 | . . 1 1 Special Weapon . | . . . . Impact Weapon . | . . . . Slashing Weapon . | . . . . Piercing Weapon . | . . . . Special Melee Weapon . | . . . . Unidentified Prototypes 1 | . . 1 . Parts Lost 11 | . 1 7 3 Power 1 | . . 1 . Propulsion 4 | . 1 2 1 Utility 6 | . . 4 2 Weapon . | . . . . Highest Loss Streak 2 | . 1 2 2 To Critical Strikes 1 | . . . 1 Average Backups 8 | 3 8 9 9 Power . | . . . . Propulsion 1 | 1 1 1 . Utility 2 | . 2 3 3 Weapon 4 | . 3 5 5 Tool/Special . | . . . . Unused Backups 4 | . 1 . 3 Power 1 | . 1 . . Propulsion . | . . . . Utility 2 | . . . 2 Weapon 1 | . . . 1 Tool/Special . | . . . . Average Slot Usage (%) 94 | . 99 88 93 Engine 12 | . 14 10 11 Treads 23 | . 25 21 21 Device 12 | . 14 12 11 Storage 12 | . 14 11 11 Hackware 2 | . . . 9 Protection 5 | . . 10 6 Energy Gun 9 | . 12 3 11 Energy Cannon 2 | . . 6 . Ballistic Gun 12 | . 15 11 10 Peak Build Rating 17 | 6 11 17 16 Average Rating 11 | 4 9 13 14 On Entrance 7 | . 6 11 13 Avg Prop Armor Cover (%) . | . . . . Naked Turns . | . . . . Heaviest Build 32 | 14 20 32 29 Greatest Support 46 | 40 46 46 40 Greatest Overweight (x) 1 | . . 1 . Average Overweight (x) . | . . . . Largest Inventory Capacity 10 | 8 10 10 10 Average Capacity 9 | 7 9 10 10 Most Carried 10 | 7 10 10 10 Average Carried 8 | 3 8 9 9 Final Capacity 10 | 8 10 10 10 Final Carried 10 | 6 10 10 9 Class Distribution -------------------- 61% | Mutant 38% | Scavenger-Mutant Dominant Class ---------------- Mutant | -10/Materials Mutant | -9/Materials Scavenger-Mutant | -9/Storage Resources | -11 -10 -9 -9 ----------- Run | Yrd Mat Mat Sto Matter Collected 1051 | 259 115 436 241 Remotely . | . . . . Salvage Created 2482 | 160 576 940 806 Parts 159 | 10 41 58 50 Haulers Intercepted 4 | . 2 . 2 Recyclers Shooed 6 | . . 2 4 Parts Field Recycled . | . . . . Retrieved Matter . | . . . . Parts Self-Destructed . | . . . . Prevented . | . . . . Parts Restored . | . . . . Kills | -11 -10 -9 -9 ------- Run | Yrd Mat Mat Sto Combat Hostiles Destroyed 50 | . 14 21 15 Guns 40 | . 14 12 14 Cannons 4 | . . 4 . AOE 6 | . . 5 1 Classes Destroyed 11 | 3 4 2 2 Worker 5 | 2 1 2 . Builder 1 | . . . 1 Tunneler 3 | 3 . . . Hauler 4 | . 2 . 2 Recycler 5 | 1 . 2 2 Operator 1 | . . . 1 Watcher 4 | . 2 1 1 Swarmer 15 | . 6 6 3 Grunt 20 | . 8 7 5 Brawler 1 | . . 1 . Sentry 14 | . . 7 7 Best Kill Streak 8 | 3 4 8 5 Combat Bots Only 5 | . 3 5 3 Max Kills in Single Turn 3 | 1 2 3 3 Gunslinging 1 | . . . 1 Exploded 3 | . . 3 1 Melee . | . . . . Uniques/NPCs Destroyed . | . . . . Combat | -11 -10 -9 -9 -------- Run | Yrd Mat Mat Sto Hostile Shots Fired 320 | . 92 138 90 Missed 89 | . 28 35 26 Hits 231 | . 64 103 64 Projectile 231 | . 64 103 64 Critical Strikes 8 | . . 4 4 Damage Taken 3104 | . 763 1408 933 Core 572 | . 162 175 235 Absorbed by Shields . | . . . . Core Remaining (%) 67 | 100 35 . . Volleys Fired 212 | 17 59 86 50 Largest 2 | 2 2 2 2 Hottest 136 | 70 70 136 88 Shots Fired 387 | 34 115 150 88 Gun 341 | 34 115 111 81 Cannon 36 | . . 36 . Launcher 10 | . . 3 7 Special . | . . . . Kinetic 208 | 17 59 89 43 Thermal 169 | 17 56 58 38 Explosive 5 | . . 3 2 Electromagnetic 5 | . . . 5 Robot Hit Streak 16 | 7 11 12 16 Robot Miss Streak 8 | 2 6 8 6 Penetration Max . | . . . . Secondary Targets 5 | . 1 2 2 Max Gunslinging Chain 1 | . 1 1 1 Shots Hit Robots 235 | 22 60 93 60 Core Hits 168 | 7 32 68 61 Critical Kills 1 | . . 1 . Critical Parts Destroyed 1 | . . 1 . Critical Strikes 4 | 1 1 2 . Burn 2 | 1 1 . . Destroy 2 | . . 2 . Melee Attacks . | . . . . Impact . | . . . . Slashing . | . . . . Piercing . | . . . . Sneak Attacks . | . . . . Combat Hostiles . | . . . . Follow-up Attacks . | . . . . Damage Inflicted 4227 | 298 766 1628 1535 Guns 2807 | 298 766 823 920 Cannons 330 | . . 330 . Explosions 1090 | . . 475 615 Melee . | . . . . Ramming . | . . . . Kinetic 1488 | 174 390 490 434 Thermal 1791 | 124 376 805 486 Explosive 743 | . . 333 410 Electromagnetic 205 | . . . 205 Impact . | . . . . Slashing . | . . . . Piercing . | . . . . Highest Corruption . | . . . . Average Corruption . | . . . . Corruption Purged . | . . . . Corruption Blocked . | . . . . Overload Shots . | . . . . Overflow Damage 10 | . . 9 1 Projectiles 3 | . . 3 . Explosions 7 | . . 6 1 Melee . | . . . . Knockbacks . | . . . . Impact . | . . . . Kinetic . | . . . . Secondary . | . . . . Self-Inflicted Damage 326 | . 98 200 28 Shots 5 | . 1 3 1 Rammed . | . . . . Targets Rammed . | . . . . Kicked . | . . . . Crushed . | . . . . Highest Temperature 405 | 108 172 405 30 Average Temperature 67 | 45 51 108 13 Received Heat Transfer 963 | . 207 393 363 Effects 4 | . . 4 . Energy Bleed 1 | . . 1 . Interference 1 | . . 1 . Short Circuit 2 | . . 2 . Siege Activations . | . . . . Martial Activations . | . . . . Shielding Activations . | . . . . Robots Disrupted . | . . . . Combat Hostiles . | . . . . Robots Corrupted . | . . . . Combat Hostiles . | . . . . Parts Fried . | . . . . Impact Corruptions . | . . . . Robots Melted . | . . . . Combat Hostiles . | . . . . Parts Melted 4 | 1 1 1 1 Heat Transferred 3462 | 444 1184 1102 732 Parts Sabotaged . | . . . . Parts Stolen . | . . . . Parts Stripped . | . . . . Power Chain Reactions . | . . . . Alert | -11 -10 -9 -9 ------- Run | Yrd Mat Mat Sto Maximum Alert Level 2 | . . 1 2 Low Security (%) 71 | 100 100 67 24 Level 1 27 | . . 32 73 Level 2 . | . . . 1 Level 3 . | . . . . Level 4 . | . . . . Level 5 . | . . . . High Security . | . . . . Max Security . | . . . . Peak Influence 472 | 10 156 369 472 Initial 155 | . 3 32 155 Average 143 | 2 71 149 288 Influence Increases 1778 | 30 427 728 593 Destroy 0b10 Robot/C 1000 | . 280 420 300 Destroy 0b10 Robot/NC 115 | 30 25 25 35 Destroy Leader 286 | . 58 132 96 Successful Hack 95 | . 16 40 39 Disable Machine 120 | . 30 60 30 Destroy Structure 102 | . 18 51 33 Lose Combat Pursuer 60 | . . . 60 Influence Decreases 1306 | 25 355 436 490 Entered New Map 261 | . 2 45 214 Time Decay 935 | 25 343 321 246 Lost Part 110 | . 10 70 30 Squads Dispatched 6 | . 2 4 . Investigation . | . . . . Extermination . | . . . . Reinforcement 6 | . 2 4 . Assault . | . . . . Garrison . | . . . . Intercept . | . . . . Searches Triggered . | . . . . Construction Impeded . | . . . . Haulers Reinforced . | . . . . Active Scanning Responses . | . . . . Cargo Convoy Interrupts . | . . . . Stealth | -11 -10 -9 -9 --------- Run | Yrd Mat Mat Sto Distress Signals 5 | . . 4 1 Communications Jammed . | . . . . Distress Signals . | . . . . Times Spotted 75 | . 19 34 22 Peak Tracking Total 6 | . 3 6 4 Tactical Retreats 2 | . . . 2 Traps | -11 -10 -9 -9 ------- Run | Yrd Mat Mat Sto Traps Triggered 3 | . 1 . 2 Indirectly . | . . . . Trap Hack Attempts . | . . . . Triggered . | . . . . Disarmed 6 | . 6 . . Reprogrammed . | . . . . Reused . | . . . . Traps Extracted . | . . . . Installed . | . . . . Triggered . | . . . . Machines | -11 -10 -9 -9 ---------- Run | Yrd Mat Mat Sto Machines Disabled 9 | . 2 5 2 Max in Single Turn 4 | . 2 4 2 Machines Repaired . | . . . . Machines Dismantled . | . . . . Machines Sabotaged . | . . . . Overloaded Fab Kills . | . . . . Hacking | -11 -10 -9 -9 --------- Run | Yrd Mat Mat Sto Machines Accessed 19 | . 7 7 5 Terminals 17 | . 6 6 5 Fabricators . | . . . . Repair Stations . | . . . . Recycling Units 1 | . 1 . . Scanalyzers 1 | . . 1 . Garrison Access . | . . . . Total Hacks 52 | . 21 19 12 Successful 25 | . 10 9 6 Failed 27 | . 11 10 6 Catastrophic 3 | . . 3 . Database Lockouts . | . . . . Manual 40 | . 11 17 12 Terminals 46 | . 17 17 12 Fabricators . | . . . . Repair Stations . | . . . . Recycling Units 4 | . 4 . . Scanalyzers 2 | . . 2 . Garrison Access . | . . . . Terminal Hacks 7 | . 4 2 1 Branch Access Points 1 | . . . 1 Terminal Index 2 | . 1 1 . Disarm Traps 1 | . 1 . . Zone Layout 3 | . 2 1 . Fabricator Hacks . | . . . . Repair Station Hacks . | . . . . Recycling Unit Hacks 1 | . 1 . . Retrieve Components 1 | . 1 . . Scanalyzer 1 | . . 1 . Retrieve Study 1 | . . 1 . Garrison Access Hacks . | . . . . Unauthorized Hacks 16 | . 5 6 5 Terminals 16 | . 5 6 5 Botnet 1 | . . 1 . Skim 15 | . 5 5 5 Fabricators . | . . . . Repair Stations . | . . . . Recycling Units . | . . . . Scanalyzers . | . . . . Garrison Access . | . . . . Data Cores Recovered . | . . . . Used . | . . . . Hacking Detections 17 | . 6 6 5 Full Trace Events . | . . . . Feedback Events . | . . . . Feedback Blocked . | . . . . Robot Schematics Acquired . | . . . . Robots Built . | . . . . Authchips . | . . . . Time . | . . . . Total Robot Build Rating . | . . . . Part Schematics Acquired . | . . . . Parts Built . | . . . . Authchips . | . . . . Time . | . . . . Total Part Build Rating . | . . . . Part Studies Acquired 1 | . . 1 . Parts Repaired . | . . . . Time . | . . . . Parts Recycled . | . . . . Recycled Matter . | . . . . Retrieved Matter . | . . . . Retrieved Components 1 | . 1 . . Parts Scanalyzed . | . . . . Part Schematics Acquired . | . . . . Parts Damaged . | . . . . Bothacking | -11 -10 -9 -9 ------------ Run | Yrd Mat Mat Sto Used RIF Installer . | . . . . Robots Hacked . | . . . . Non-combat . | . . . . Combat . | . . . . Robot Hacks Applied . | . . . . Relay Couplers Released . | . . . . Fabnet Peak Effective % . | . . . . Robots Rewired . | . . . . Allies Hacked . | . . . . Hacks Repelled . | . . . . Allies | -11 -10 -9 -9 -------- Run | Yrd Mat Mat Sto Total Allies . | . . . . Largest Group . | . . . . Highest-Rated Group . | . . . . Highest-Rated Ally . | . . . . Total Orders . | . . . . Ally Attacks . | . . . . Total Damage . | . . . . Kills . | . . . . Allies Corrupted . | . . . . Allies Melted . | . . . . Intel | -11 -10 -9 -9 ------- Run | Yrd Mat Mat Sto Active Infowar (turns) 1213 | . 863 350 . Seismic 1213 | . 863 350 . Robot Analysis Total . | . . . . Derelict Logs Recovered . | . . . . Drone Launches . | . . . . Drone Recoveries . | . . . . Exploration | -11 -10 -9 -9 ------------- Run | Yrd Mat Mat Sto Turns Passed 2339 | 138 863 809 529 Spaces Moved 1010 | 52 430 327 201 Core 13 | 13 . . . Treads 948 | 39 381 327 201 Legs . | . . . . Wheels 49 | . 49 . . Hover . | . . . . Flight . | . . . . Fastest Speed 50 | 50 90 160 160 Average Speed 155 | 132 152 162 160 Slowest Speed 240 | 160 160 240 160 Overloaded Moves . | . . . . Propulsion Burnouts . | . . . . Robots Hopped . | . . . . Potential Cave-ins . | . . . . Cave-ins Triggered . | . . . . Exploration Rate (%) 41 | 4 73 49 39 Regions Visited 3 Branch Regions 1 Pre-discovered Areas 2 | . 2 . . Known Exits Taken 2 | . 1 1 . Unknown Exits Taken 1 | 1 . . . Scrap Searched . | . . . . Spaces Dug 7 | . . . 7 Terrain Destroyed 99 | . 15 54 30 Melee . | . . . . Projectile . | . . . . AOE 99 | . 15 54 30 Terrain Rammed . | . . . . Walls Destroyed . | . . . . Machines Disabled . | . . . . Actions | -11 -10 -9 -9 --------- Run | Yrd Mat Mat Sto Total 1408 | 87 531 468 322 Wait 80 | . 13 22 45 Move 1007 | 51 429 326 201 Hop . | . . . . Pick Up 33 | 12 12 6 3 Fast Attach 11 | . 1 7 3 Attach 16 | 6 5 4 1 Detach 1 | . . 1 . Swap 26 | 1 5 10 10 Drop 22 | . 7 6 9 Fire 212 | 17 59 86 50 Melee . | . . . . Ram . | . . . . Kick . | . . . . Crush . | . . . . Escape Stasis . | . . . . Rewire . | . . . . Trap . | . . . . Miscellaneous . | . . . . Route ------- -11/Scrapyard -10/Materials (discovered 4 exits: *Mat x2 / [*Min] / *Sub) -9/Materials (discovered 4 exits: *Mat x2 / *Min / *Sto) -9/Storage (discovered 2 exits: Mat / Rec) History --------- Turn | Location | Event 7 | -11/Scrapyard | Discovered new exit (range 14) 139 | -11/Scrapyard | Entered Materials 312 | -10/Materials | Build established: Mutant 439 | -10/Materials | Discovered new exit (range 13) 636 | -10/Materials | Learned location of Storage (-9) 696 | -10/Materials | Learned location of 2 exits from Mines 711 | -10/Materials | Learned Storage emergency access door positions 716 | -10/Materials | Learned location of 2 exits from Mines 717 | -10/Materials | Learned location of 1 exit from Recycling 718 | -10/Materials | Loaded intel: 8 terminal locations 722 | -10/Materials | Identified exit to Materials 722 | -10/Materials | Identified exit to Subcaves 734 | -10/Materials | Learned 2 Storage zone layouts 750 | -10/Materials | Core integrity fell below 50% 758 | -10/Materials | Learned location of 2 exits from Materials 977 | -10/Materials | Discovered exit to Materials (range 7) 1002 | -10/Materials | Entered another Materials area 1002 | -9/Materials | Evolved 2 slots: Utility x2 1003 | -9/Materials | Identified exit to Mines 1004 | -9/Materials | Identified exit to Materials 1004 | -9/Materials | Identified exit to Storage 1737 | -9/Materials | Discovered exit to Materials (range 16) 1742 | -9/Materials | Build established: Scavenger-Mutant 1811 | -9/Materials | Entered Storage 1862 | -9/Storage | Core integrity fell below 50% 2141 | -9/Storage | Identified exit to Recycling 2322 | -9/Storage | Core integrity fell below 20% 2340 | -9/Storage | Destroyed by Y-45 Defender with Beam Rifle Last Messages --------------- 02280_ Dropped Faulty Adv. Beam Cannon. 02281_ Acquired Lgt. Armor Plating. 02282_ K-01 Serf collects debris. 02286_ K-01 Serf cleans the Component Storage. 02288_ K-01 Serf cleans the Terminal. 02309_ R-06 Scavenger collects Lgt. Ion Engine. 02314_ R-06 Scavenger collects Wheel. 02324_ K-01 Serf destroyed. 02327_ K-01 Serf collects debris. 02330_ Transfer Shaft disabled. 02330_ Door malfunctions. 02330_ Compression Vault explodes. 02330_ A-02 Transporter destroyed. 02330_ Destroyed Ion Engine. 02330_ R-06 Scavenger destroyed. 02332_ K-01 Serf collects debris. 02334_ G-34 Mercenary destroyed. 02335_ K-01 Serf collects debris. 02338_ A-02 Transporter destroyed. 02339_ K-01 Serf collects debris. Map ----- +----------------------------------------------------+ | ??????????# #??????????????????????????? | | ??????????# """ #??????????????????????????? | | ??????????# """ #??????????????????????????? | | ?????###### =""" #??????????????????????????? | | ???### ## #??????????????????????????? | | ???#"" ## """ #??????????????????????????? | | ???#"" ## """ #??????????????#???????????? | | ???#"T ## """ #?????######## #???????????? | | ???#"" ## *% #?????# ]= #???????????? | | ???#"" ## [ = ####### ] %""" #???????????? | | ???### #####+#### # [!""" #???????????? | | ?????# = # """ #???????????? | | ?????# T + """ #???????????? | | ?????# # """ #???????????? | | ?????##+###########% # #???????????? | | ????? ????????##% =## #???????????? | | ??? ???????#[= ## #???????????? | | ??# """ """ #????###= =###########???????????? | | ??# """ """ #????#"" * ##????????????????????? | | ??# """ """ #????#"" !T#??????????# #?# | | ??# """ """ #????#"Tk*%##????###???# #?# | | ??#??"" ""??#????#""% =#?##### ##### #?# | | ?????? ?????##?#"" #?# # #?# | | ??????######### #### ### # ####### | | ????????# ## ## # """#??? | | ????????# """ """ # @ # + R"#??? | | ????????# """ """ # # """ """ # """#??? | | ????????# """ """ ; Y """ """ # ####??? | | ????????# """ """ # " """ # #?????? | | ????????# """ """ # # #?????? | | ????????# % # u %/######### #?????? | | ????????# %= kk #???????#####?????? | | ????????##+###+### #??????????????#### | | ?????????# #?# #?# g Y= #??????????????#### | | ?????????# #?# #?# ]]!% #??????????????## | | ?????????# #?# #?# r]%]! ########???????## | | ?????????# #?# #?## %=]] =[# #???????## | | ?????????# #?# ##### #]# """ #???????## | | ?????????# #?# ![%[ """ #???????##" | | ???????###+#### ##### # """ #???????#T | | ???????# # #???# # #???????## | | ???????# + #???# # #???????##+# | | ???????# # #???#/################ | | ???????# # #####??? # + | | ???????# # #??###??????????????????????? | | ???????# # #?? !#??????????????????????? | | ???????######+# #? #??????????????????????? | | ????????????# # #??????????????????????? | | ???########## # !#??????????????????????? | | ???# + /% #??????????????????????? | +----------------------------------------------------+ Best States ------------- Heat Dissipation 38 Energy Generation 12 Energy Capacity 265 Matter Stores 300 Matter Capacity 300 Sight Range 16 Terrain Scan Density 10 Armor Coverage 375 Evasion (%) 50 Recoil Reduction 2 Offensive Hacking 10 Item Schematics ----------------- None Robot Schematics ------------------ None Fabricated ------------ Nothing Repaired ---------- Nothing Studied --------- Grenade Launcher | -9/Materials | Hacked Alien Tech Used ----------------- None Achievements -------------- None Challenges ------------ None Game ------ Seed ThrowingIonicMaul Manual? 0 Play Time 00:17:36 Cumulative 503.6 hours Start 2025.11.15 @ 04:50:27 End 2025.11.15 @ 05:04:56 Sessions 1 Manual Loads 0 Difficulty Rogue Special Mode None Game No. 680 Rogue 680 Adventurer 0 Explorer 0 Win Type - Total 16 Types 8/0/2/2/1/0/2/1/0/0 Lore% 91 Gallery% 85 Achievement% 67 Wizard Run 0 Options --------- Layout 2 ASCII 0 Keyboard 0 Movement Mouse Keybinds 0 Fullscreen 1 Font 24/Terminus Map View 50x49 Zoom Use 0% Tactical HUD 1 Map Filters NONE Filters NONE Steam 1 RUN: a34eaeea-339c-43d2-a4a6-db3576219e8b